 Dungeon Crawl Stone Soup version 0.27-a0-631-g2d681adce0 (webtiles) character file.

Game seed: 544725306830982134

30 tilp the Sneak (level 3, -3/23 HPs)
             Began as an Octopode Transmuter on Mar 13, 2021.
             Slain by a kobold
             ... wielding a +0 short sword
              (4 damage)
             ... on level 2 of the Dungeon.
             The game lasted 00:01:58 (1604 turns).

tilp the Sneak (Octopode Transmuter)                Turns: 1604, Time: 00:01:59

Health: -3/23      AC:  1    Str:  9    XL:     3   Next: 18%
Magic:  5/6        EV: 13    Int: 16    God:
Gold:   87         SH:  0    Dex: 12    Spells: 3/6 levels left

rFire    . . .     SeeInvis .     - Unarmed
rCold    . . .     Faith    .   (no shield)
rNeg     . . .     Spirit   .   (helmet currently unavailable)
rPois    .         Reflect  .   (no amulet)
rElec    .         Harm     .   (no ring)
rCorr    .         Rampage  .   (no ring)
Will     .....                  (no ring)
Stlth    +++.......             (no ring)
HPRegen  0.07/turn              (no ring)
MPRegen  0.10/turn              (no ring)
                                (no ring)
                                (no ring)

@: appendages
A: tentacle spike 3, almost no armour, amphibious, 8 rings, camouflage 1,
gelatinous body 1, nimble swimmer 1, tentacles
a: End Transformation


You were on level 2 of the Dungeon.
One of your tentacles had grown a beastly spike.
You visited 1 branch of the dungeon, and saw 2 of its levels.

You collected 87 gold pieces.

Inventory:

Missiles
 a - 44 stones (quivered)
Scrolls
 c - a scroll of fog {unknown}
 e - a scroll of amnesia {unknown}
 f - a scroll of blinking {unknown}
Potions
 d - a potion of curing {unknown}


   Skills:
 + Level 1.0 Fighting
 - Level 2.0 Dodging
 - Level 4.0 Stealth
 + Level 3.0 Unarmed Combat
 - Level 2.0 Spellcasting
 - Level 2.0 Transmutations


You had 3 spell levels left.
You knew the following spells:

 Your Spells              Type           Power      Damage    Failure   Level
a - Beastly Appendage     Tmut           16%        N/A       9%          1
b - Wereblood             Tmut           8%         N/A       14%         2

Your spell library contained the following spells:

 Spells                   Type           Power      Damage    Failure   Level
 Spider Form              Tmut/Pois      2%         N/A       38%         3
 Ice Form                 Ice/Tmut       4%         N/A       80%         4
 Blade Hands              Tmut           4%         N/A       94%         5


Dungeon Overview and Level Annotations

Branches:
Dungeon (2/15)

Altars:
Ru


Innate Abilities, Weirdness & Mutations

One of your tentacles has grown a beastly spike.
You cannot wear most types of armour.
You are amphibious.
You can wear up to eight rings at the same time.
Your skin changes colour to match your surroundings (Stealth+).
Your rubbery body absorbs attacks. (AC +1, EV +1)
You are stealthy while swimming. (Stealth+)
You have tentacles for arms and can constrict up to eight enemies at once.


Message History

The quokka is moderately wounded.
You constrict the quokka, but do no damage.
The helpless quokka fails to defend itself.
You tentacle-slap the quokka.
You kill the quokka!
Your transformation is almost over.
Your magical contamination has completely faded away.
No target in view!
Your tentacle spike disappears.
You see here a quokka corpse.
A kobold and an orc wizard come into view.
Casting: Wereblood (safe; 14% risk of failure)
Confirm with . or Enter, or press ? or * to list all spells.
One of your tentacles grows a vicious spike.
The kobold shouts!
The orc wizard closely misses you.
You tentacle-slap the orc wizard but do no damage.
Your grab misses the orc wizard.
The orc wizard hits you with a +0 dagger.
You tentacle-slap the orc wizard. You grab the orc wizard.
The orc wizard is lightly wounded.
You constrict the orc wizard. The orc wizard barely misses you.
The kobold barely misses you.
You tentacle-slap the orc wizard but do no damage.
The orc wizard is lightly wounded.
You constrict the orc wizard, but do no damage.
The kobold hits you with a +0 short sword.
The orc wizard hits you with a +0 dagger.
You tentacle-slap the orc wizard.
The orc wizard is moderately wounded.
You constrict the orc wizard.
The kobold hits you with a +0 short sword!
* * * LOW HITPOINT WARNING * * *
The orc wizard hits you with a +0 dagger.
* * * LOW HITPOINT WARNING * * *
You tentacle-slap the orc wizard.
You pierce the orc wizard.
You squeeze the orc wizard.
You kill the orc wizard!
The kobold hits you with a +0 short sword.
You die...

+#######+
#...#...#
#...#...#
#.......#
###.K.###
########...@)..#
#....#.#.†.#...#
#.##.#.#...#...#
#.##.#.'#######+
#..#...†..#
##.######.# #.#
.# #.# . #.# ##


You could see a kobold (corona).

Vanquished Creatures
  An orc wizard (D:2)
  An ooze (D:2)
  A dart slug (D:1)
  A giant cockroach (D:1)
  4 hobgoblins (D:1)
  A quokka (D:2)
  7 bats
  2 frilled lizards (D:1)
  3 kobolds (D:1)
  7 rats
28 creatures vanquished.

Notes
Turn   | Place    | Note
-------+----------+-------------------------------------------
     0 | D:1      | tilp the Octopode Transmuter began the quest for the Orb.
     0 | D:1      | Reached XP level 1. HP: 13/13 MP: 3/3
    25 | D:1      | Reached skill level 1 in Stealth
   108 | D:1      | Reached skill level 2 in Stealth
   109 | D:1      | Reached XP level 2. HP: 14/18 MP: 5/5
   451 | D:1      | Reached skill level 3 in Stealth
   909 | D:1      | Learned a level 2 spell: Wereblood
  1380 | D:2      | Reached skill level 4 in Stealth
  1380 | D:2      | Reached XP level 3. HP: 17/23 MP: 4/6
  1563 | D:2      | Found a sacrificial altar of Ru.
  1603 | D:2      | HP: 1/23 [orc wizard/+0 dagger (3)]
  1604 | D:2      | Slain by a kobold

Illustrated notes

Levels and vault maps discovered:
D:1:      dpeg_arrival_rhombi, layout_basic
D:2:      layout_basic, nicolae_ru_great_annihilating_truth

Skill      XL: |  1  2 |
---------------+-------+-----
Stealth        | 2 4 |  4.0
Fighting       | |  1.0
Dodging        | |  2.0
Unarmed Combat | |  3.0
Spellcasting   | |  2.0
Transmutations | |  2.0

Action                   || total
-------------------------++-------
Melee: Unarmed           ||    67
       Constrict         ||    16
       Tentacles         ||     5
       Kick              ||     6
 Cast: Beastly Appendage ||     7
  Use: Scroll            ||     1
 Stab: Sleeping          ||     8
       Paralysed         ||     2
Armor: Skin              ||     7
Dodge: Dodged            ||    48

Table legend: (Time is in decaauts)
 A = Elapsed time spent in this place.
 B = Non-inter-level travel time spent in this place.
 C = Inter-level travel time spent in this place.
 D = Time resting spent in this place.
 E = Time spent auto-exploring this place.
 F = Levels seen in this place.
 G = Mean time per level.
                   A        B        C        D        E       F      G
               +--------+--------+--------+--------+--------+-----+--------+
         Total |   1600 |   1524 |     76 |      0 |   1240 |   2 |  800.0 |
       Dungeon |   1600 |   1524 |     76 |      0 |   1240 |   2 |  800.0 |
               +--------+--------+--------+--------+--------+-----+--------+

Top non-repeatable levels by time:
     D:1: 1342 daAuts
     D:2: 257 daAuts
